 Dungeon Crawl Stone Soup version 0.29-a0-617-g7a6b98fccd (webtiles) character file.

Game seed: 661243165907233988

2226 ptdevnull the Cruncher (level 9, -6/64 HPs)
             Began as a Formicid Fighter on June 18, 2022.
             Mangled by a fire crab (glowing shapeshifter) (12 damage)
             ... on level 8 of the Dungeon.
             The game lasted 00:10:20 (7044 turns).

ptdevnull the Cruncher (Formicid Fighter)           Turns: 7044, Time: 00:10:21

Health: -6/64      AC:  8    Str: 25    XL:     9   Next: 62%
Magic:  9/9        EV:  9    Int:  8    God:
Gold:   239        SH:  5    Dex: 13    Spells: 8/8 levels left

rFire   . . .      SeeInvis +   a - +4 quarterstaff (chaos)
rCold   . . .      Faith    +   c - +0 buckler
rNeg    . . .      Spirit   .   b - +0 scale mail
rPois   .          Reflect  .   (helmet unavailable)
rElec   .          Harm     .   A - +0 cloak
rCorr   .          Rampage  .   (no gloves)
Will    .....                   (no boots)
Stlth   ..........              m - amulet of faith
HPRegen 0.20/turn               y - ring of flight
MPRegen 0.11/turn               (no ring)

@: flying
A: permanent stasis, dig shafts and tunnels, antennae 3, four strong arms
a: Dig, Shaft Self


You were on level 8 of the Dungeon.
You visited 1 branch of the dungeon, and saw 6 of its levels.
You also visited: Ossuary.

You collected 239 gold pieces.

Inventory:

Hand Weapons
 a - a +4 quarterstaff of chaos (weapon)
 i - a +1 quarterstaff
Armour
 b - a +0 scale mail (worn)
 c - a +0 buckler (worn)
 n - a +1 leather armour of poison resistance
 w - a +1 ring mail of poison resistance
 A - a +0 cloak (worn)
Jewellery
 m - an amulet of faith (around neck)
 y - a ring of flight (left hand)
Wands
 x - a wand of flame (22)
Scrolls
 f - a scroll of torment
 g - a scroll of immolation {unknown}
 h - a scroll of magic mapping {unknown}
 j - a scroll of fear
 k - 2 scrolls of poison {unknown}
 o - 3 scrolls of amnesia
Potions
 d - 2 potions of might
 e - 2 potions of brilliance
 l - a potion of mutation
 p - 2 potions of resistance
 q - a potion of curing
 r - 2 potions of berserk rage
 s - 2 potions of flight {unknown}
 t - 2 potions of ambrosia {unknown}
 u - 5 potions of degeneration
 v - 3 potions of attraction
 z - a potion of haste {unknown}


   Skills:
 - Level 3.2 Fighting
 + Level 12.2 Staves
 - Level 3.2 Armour
 - Level 4.0 Shields


You had 8 spell levels left.
You didn't know any spells.
Your spell library was empty.

Dungeon Overview and Level Annotations

Branches:
Dungeon (5/15)            Ossuary (visited)
 Temple: D:4-7

Altars:
Ashenzari
Ru
Xom


Innate Abilities, Weirdness & Mutations

You cannot be hasted, slowed, berserked, paralysed or teleported.
You can dig through walls and to a lower floor.
You have a pair of large antennae on your head. (SInv)
Your four strong arms can wield two-handed weapons with a shield.


Message History

The glowing shapeshifter changes into a swamp worm!
A yak comes into view.
The yak bellows!
You sock the yak! You freeze the yak.
The yak is moderately wounded.
The yak gores you.
A yak comes into view.
The yak bellows!
You hit the yak.
The yak is heavily wounded.
The swamp worm changes into an elephant!
The yak barely misses you.
You barely miss the yak.
The yak is heavily wounded.
You thump the yak!
The yak suddenly seems more agile.
The yak is almost dead.
A wight comes into view. It is wielding a +2 mace.
The yak gores you. The yak gores you but does no damage.
You closely miss the yak.
The yak is almost dead.
The elephant changes into a fire crab!
You block the yak's attack. The yak gores you.
You hit the yak.
You kill the yak!
You hit the yak.
The yak suddenly seems more agile.
The yak is lightly wounded.
The yak barely misses you.
You hit the yak.
The yak is moderately wounded.
The fire crab bites you!
You are engulfed in flames!
The fire crab closely misses you.
You hit the yak.
The yak is lightly wounded.
You carefully extract the barbed spikes from your body.
The fire crab bites you.
You are engulfed in flames!
* * * LOW HITPOINT WARNING * * *
The fire crab claws you!
* * * LOW HITPOINT WARNING * * *
You are engulfed in flames!
You die...

. .#z..#. . .
.....
..#.#.#.. .
..#....
#......z##
....#...Y#
##.#...zY#
......YYt#
#..#..##@#
.... ##.#
#######..#####
.........รท..#
###########.#
#.# #.# #.#
#.#


You could see a fire crab shaped shifter, 4 yaks and 2 wights.

Vanquished Creatures
  Sigmund (D:4)
  A yak (D:8)
  An orc warrior (D:8)
  An ogre (D:4)
  A centaur (D:5)
  10 scorpions
  2 killer bees (D:8)
  2 howler monkeys (D:8)
  A hound (D:4)
  A jelly (D:4)
  3 centaur zombies (Ossuary)
  2 orc priests
  A human zombie (Ossuary)
  Crazy Yiuf (D:4)
  A gnoll shaman (D:5)
  Jessica (D:3)
  2 iguanas
  5 scorpion zombies (Ossuary)
  Natasha (thrice) (D:3)
  An orc wizard (D:3)
  4 mummies
  6 gnolls (D:5)
  9 adders
  2 ufetubi
  2 worms
  18 orcs
  10 ball pythons
  10 endoplasms
  A giant cockroach (D:1)
  4 goblins
  4 hobgoblins
  9 kobolds
  2 quokkas (D:4)
  9 bats
  5 frilled lizards
  A gnoll zombie (Ossuary)
  A goblin zombie (Ossuary)
  4 kobold zombies (Ossuary)
  An orc zombie (Ossuary)
  2 rats
145 creatures vanquished.

Vanquished Creatures (others)
  18 fungi (D:4)
  5 plants (D:5)
23 creatures vanquished.

Grand Total: 168 creatures vanquished

Notes
Turn   | Place    | Note
-------+----------+-------------------------------------------
     0 | D:1      | ptdevnull the Formicid Fighter began the quest for the Orb.
     0 | D:1      | Reached XP level 1. HP: 18/18 MP: 1/1
   364 | D:1      | Reached XP level 2. HP: 24/24 MP: 2/2
   851 | D:2      | Reached skill level 3 in Staves
  1001 | D:2      | Reached XP level 3. HP: 29/29 MP: 3/3
  1421 | D:2      | Reached skill level 4 in Staves
  1421 | D:2      | Reached XP level 4. HP: 35/35 MP: 4/4
  1449 | D:2      | Found a sacrificial altar of Ru.
  1724 | D:3      | Found a shimmering altar of Xom.
  1817 | D:3      | Reached XP level 5. HP: 16/41 MP: 5/5
  2196 | D:3      | Noticed Natasha
  2204 | D:3      | Killed Natasha
  2205 | D:3      | Reached skill level 5 in Staves
  2251 | D:3      | Noticed Jessica
  2253 | D:3      | Killed Jessica
  2638 | D:3      | Noticed Natasha
  2639 | D:3      | Found a faded altar of an unknown god.
  2649 | D:3      | Killed Natasha
  2650 | D:3      | Reached XP level 6. HP: 47/47 MP: 6/6
  2938 | D:3      | Noticed Natasha
  2944 | D:3      | Killed Natasha
  2945 | D:3      | Reached skill level 6 in Staves
  3345 | D:4      | Found a sand-covered staircase.
  3358 | Ossuary  | Entered an ossuary
  3380 | Ossuary  | Reached skill level 7 in Staves
  3380 | Ossuary  | Reached XP level 7. HP: 42/52 MP: 7/7
  3574 | Ossuary  | Reached skill level 8 in Staves
  3697 | Ossuary  | Reached XP level 8. HP: 30/58 MP: 8/8
  3930 | Ossuary  | Reached skill level 9 in Staves
  4725 | D:4      | Reached skill level 10 in Staves
  4779 | D:4      | Noticed Sigmund
  4786 | D:4      | Killed Sigmund
  5003 | D:4      | Found a broken altar of Ashenzari.
  5155 | D:4      | Reached XP level 9. HP: 31/64 MP: 9/9
  5403 | D:4      | Found a runed translucent door.
  5404 | D:4      | Noticed Crazy Yiuf
  5416 | D:4      | Killed Crazy Yiuf
  5647 | D:5      | Entered Level 5 of the Dungeon
  5672 | D:4      | Reached skill level 11 in Staves
  5977 | D:5      | HP: 1/64 [gnoll shaman/+0 whip (5)]
  6203 | D:5      | You are sucked into a shaft and drop 3 floors!
  6790 | D:8      | Reached skill level 12 in Staves
  7008 | D:8      | Noticed a hornet
  7015 | D:8      | Noticed a glowing shapeshifter
  7015 | D:8      | a hornet changed into a glowing shapeshifter
  7015 | D:8      | Noticed a steelbarb worm
  7015 | D:8      | a glowing shapeshifter changed into a steelbarb worm
  7016 | D:8      | Noticed a torpor snail
  7016 | D:8      | a steelbarb worm changed into a torpor snail
  7019 | D:8      | Noticed a lindwurm
  7019 | D:8      | a torpor snail changed into a lindwurm
  7022 | D:8      | Noticed a guardian serpent
  7022 | D:8      | a lindwurm changed into a guardian serpent
  7023 | D:8      | Noticed a moth of wrath
  7023 | D:8      | a guardian serpent changed into a moth of wrath
  7025 | D:8      | Noticed a komodo dragon
  7025 | D:8      | a moth of wrath changed into a komodo dragon
  7028 | D:8      | Noticed a glowing shapeshifter
  7028 | D:8      | a komodo dragon changed into a glowing shapeshifter
  7029 | D:8      | Noticed a manticore
  7029 | D:8      | a glowing shapeshifter changed into a manticore
  7030 | D:8      | Noticed an elephant
  7030 | D:8      | a manticore changed into an elephant
  7033 | D:8      | Noticed a steelbarb worm
  7033 | D:8      | an elephant changed into a steelbarb worm
  7034 | D:8      | Noticed a glowing shapeshifter
  7034 | D:8      | a steelbarb worm changed into a glowing shapeshifter
  7035 | D:8      | a glowing shapeshifter changed into a swamp worm
  7037 | D:8      | Noticed an elephant
  7037 | D:8      | a swamp worm changed into an elephant
  7040 | D:8      | Noticed a fire crab
  7040 | D:8      | an elephant changed into a fire crab
  7044 | D:8      | Mangled by a fire crab (glowing shapeshifter)

Illustrated notes

Levels and vault maps discovered:
D:1:      shiori_arrival_elements, layout_loops_ring, serial_bayou_pond_a
D:2:      layout_rooms, basic_altar
D:3:      layout_loops_ring, mainiacjoe_overflow_alcove_1,
          hellmonk_ecumenical_altar_arch_garden, uniq_natasha, uniq_jessica
D:4:      layout_basic, mainiacjoe_overflow_cross_hatched,
          gup_ossuary_entry_pyramid, uniq_sigmund, uniq_crazy_yiuf_cottage
D:5:      layout_rooms, grunt_gozag_statues, lemuel_round_altar,
          minmay_temple_entry_gardened_gates, serial_shops,
          nicolae_take_the_stairs, dk_vineyard_1
D:8:      layout_basic, hangedman_decor_lopped, uniq_psyche

Skill      XL: |  1  2  3  4  5  6  7  8  9 |
---------------+----------------------------+-----
Staves         | 3 4 5 7 8 10 12 | 12.2
Fighting       | |  3.2
Armour         | |  3.2
Shields        | |  4.0

Action                   |  1- 3 |  4- 6 |  7- 9 || total
-------------------------+-------+-------+-------++-------
Melee: Quarterstaff      |    79 |   159 |   313 ||   551
 Abil: Shaft Self        |       |       |     1 ||     1
  Use: Scroll            |       |    10 |     4 ||    14
       Potion            |       |       |     2 ||     2
Armor: Scale mail        |    36 |    57 |   127 ||   220
Dodge: Dodged            |    45 |    67 |   141 ||   253
Block: Buckler           |    19 |    26 |    78 ||   123

Table legend: (Time is in decaauts)
 A = Elapsed time spent in this place.
 B = Non-inter-level travel time spent in this place.
 C = Inter-level travel time spent in this place.
 D = Time resting spent in this place.
 E = Time spent auto-exploring this place.
 F = Levels seen in this place.
 G = Mean time per level.
                   A        B        C        D        E       F      G
               +--------+--------+--------+--------+--------+-----+--------+
         Total |   7015 |   6760 |    255 |   1198 |   4420 |   7 | 1002.1 |
       Dungeon |   5861 |   5606 |    255 |   1198 |   3539 |   6 |  976.8 |
       Ossuary |   1154 |   1154 |      0 |      0 |    881 |   1 | 1154.0 |
               +--------+--------+--------+--------+--------+-----+--------+

Top non-repeatable levels by time:
     D:4: 1503 daAuts
     D:3: 1491 daAuts
 Ossuary: 1154 daAuts
     D:1: 951 daAuts
     D:8: 823 daAuts
     D:2: 790 daAuts
     D:5: 302 daAuts
